 Dungeon Crawl Stone Soup version 0.28-a0-595-g9f6c0e134a (webtiles) character file.

Game seed: 7646587006416986202

36332 pokeman the Eclecticist (level 13, -1/72 HPs)
             Began as a Deep Elf Hedge Wizard on Oct 4, 2021.
             Was a High Priest of Vehumet.
             Shot with an arrow by a centaur warrior (10 damage)
             ... on level 15 of the Dungeon.
             The game lasted 01:03:33 (19104 turns).

pokeman the Eclecticist (Deep Elf Hedge Wizard)    Turns: 19104, Time: 01:03:34

Health: -1/72      AC: 18    Str:  7    XL:     13   Next: 52%
Magic:  38/38      EV: 16    Int: 25    God:    Vehumet [*****.]
Gold:   477        SH:  6    Dex: 23    Spells: 26/50 levels left

rFire   . . .      SeeInvis .   R - +2 war axe (elec)
rCold   . . .      Faith    .   N - +0 buckler
rNeg    + + .      Spirit   .   A - +0 acid dragon scales
rPois   .          Reflect  .   M - +2 helmet
rElec   .          Harm     .   (no cloak)
rCorr   +          Rampage  .   j - +0 pair of gloves
Will    +....                   v - +5 pair of boots of Light {Fly rN+}
Stlth   ++........              J - amulet of magic regeneration
HPRegen 0.22/turn               o - ring "Pegutefo" {rN+ Dex+9}
MPRegen 0.51/turn               i - +4 ring of evasion

@: flying
A: no striking features
a: Renounce Religion


You were on level 15 of the Dungeon.
You worshipped Vehumet.
Vehumet was extremely pleased with you.
You visited 2 branches of the dungeon, and saw 15 of its levels.

You collected 1002 gold pieces.
You spent 525 gold pieces at shops.

Inventory:

Hand Weapons
 H - a +0 shortbow
 R - a +2 war axe of electrocution (weapon)
Missiles
 a - 490 arrows
Armour
 d - a +0 troll leather armour
 e - a +2 robe of cold resistance
 j - a +0 pair of gloves (worn)
 v - the +5 pair of boots of Light (worn) {Fly rN+}
   (You bought it in a shop on level 3 of the Dungeon)

   rN:        It protects you from negative energy.
   Fly:       It grants you flight.
 A - +0 acid dragon scales (worn)
 M - a +2 helmet (worn)
 N - a +0 buckler (worn)
Jewellery
 i - a +4 ring of evasion (right hand)
 o - the ring "Pegutefo" (left hand) {rN+ Dex+9}
   (You found it on level 6 of the Dungeon)

   [ring of positive energy]

   Dex:       It affects your dexterity (+9).
   rN:        It protects you from negative energy.
 J - an amulet of magic regeneration (around neck)
Wands
 u - a wand of acid (23)
 D - a wand of iceblast (22)
 Q - a wand of digging (7)
Scrolls
 c - 2 scrolls of magic mapping
 f - 7 scrolls of teleportation
 g - a scroll of vulnerability {unknown}
 h - 2 scrolls of summoning {unknown}
 k - a scroll of immolation {unknown}
 p - a scroll of amnesia {unknown}
 y - a scroll of acquirement {unknown}
 F - a scroll of blinking
 S - a scroll of silence {unknown}
 T - a scroll of enchant weapon {unknown}
Potions
 b - a potion of berserk rage {unknown}
 l - 3 potions of haste
 r - 4 potions of heal wounds
 w - 2 potions of curing
 O - 2 potions of resistance {unknown}
 P - 2 potions of cancellation {unknown}
 Y - a potion of mutation {unknown}
Miscellaneous
 Z - a piece from Xom's chessboard (15/15)


   Skills:
 - Level 5.0 Fighting
 + Level 5.6 Armour
 - Level 3.1 Dodging
 - Level 3.0 Stealth
 - Level 4.0 Shields
 * Level 19.3 Spellcasting
 + Level 11.6 Conjurations
 - Level 8.0 Summonings
 - Level 1.1 Translocations
 - Level 1.0 Transmutations
 + Level 7.9 Fire Magic
 - Level 1.0 Air Magic
 - Level 1.3 Poison Magic
 - Level 1.1 Evocations


You had 26 spell levels left.
You knew the following spells:

 Your Spells              Type           Power      Damage    Failure   Level
a - Magic Dart            Conj           100%       1d8       1%          1
b - Mephitic Cloud        Conj/Pois/Air  47%        N/A       1%          3
c - Call Imp              Summ           59%        N/A       1%          2
d - Blink                 Tloc           N/A        N/A       3%          2
e - Conjure Flame         Conj/Fire      64%        6-21      1%          3
f - Foxfire               Conj/Fire      100%       2x1d9     1%          1
g - Starburst             Conj/Fire      32%        6d10      2%          6
h - Swiftness             Air            29%        N/A       6%          3
i - Apportation           Tloc           58%        N/A       1%          1
j - Wereblood             Tmut           29%        N/A       3%          2

Your spell library contained the following spells:

 Spells                   Type           Power      Damage    Failure   Level
 Fulminant Prism          Conj/Hex       26%        3d14      1%          4
 Shock                    Conj/Air       100%       1d9       1%          1
 Sting                    Tmut/Pois      100%       1d8       1%          1
 Summon Small Mammal      Summ           100%       N/A       1%          1
 Poisonous Vapours        Pois/Air       60%        N/A       1%          2
 Call Canine Familiar     Summ           59%        N/A       1%          3
 Dazzling Flash           Conj/Hex       100%       N/A       1%          3
 Iskenderun's Mystic Bla  Conj/Tloc      54%        2d12      1%          4
 Beastly Appendage        Tmut           58%        N/A       2%          1
 Animate Skeleton         Necr           48%        N/A       3%          1
 Slow                     Hex            24%        N/A       4%          2
 Olgreb's Toxic Radiance  Pois           30%        N/A       5%          4
 Spider Form              Tmut/Pois      14%        N/A       6%          3
 Airstrike                Air            14%        N/A       6%          4
 Portal Projectile        Hex/Tloc       52%        N/A       8%          3
 Leda's Liquefaction      Hex/Erth       12%        N/A       32%         4


Dungeon Overview and Level Annotations

Branches:
Dungeon (13/15)            Temple (1/1) D:6            Lair (0/6) D:10
    Orc (0/2) D:9          Vaults (0/5) D:13

Altars:
Ashenzari
Cheibriados
Dithmenos
Elyvilon
Fedhas
Gozag
Hepliaklqana
Kikubaaqudgha
Makhleb
Nemelex Xobeh
Okawaru
Qazlal
Ru
Sif Muna
Trog
Uskayaw
Vehumet
Wu Jian
Xom
Yredelemnul
Zin
The Shining One

Shops:
D:3 [?(*   D:10 :[


Message History

Confirm with . or Enter, or press ? or * to list all spells.
A beastly little devil appears in a puff of frigid air.
You swap places.
The slime creature hits your white imp.
Two slime creatures merge to form a very large slime creature.
Your white imp hits the very large slime creature but does no damage.
Unknown command.
Your white imp hits the very large slime creature.
Your white imp freezes the very large slime creature.
The very large slime creature hits your white imp!
Your white imp dies!
Your white imp disappears in a puff of smoke!
A centaur warrior comes into view.
Unknown command.
Casting: Call Imp (safe; 1% risk of failure)
Confirm with . or Enter, or press ? or * to list all spells.
Aiming: Mephitic Cloud (safe; 1% risk of failure)
Press: ? - help, Shift-Dir - straight line, f - centaur warrior
Aim: a centaur warrior, quivering arrows (wandering, hasn't noticed you, chance to affect: 53%)
The ball explodes into a vile cloud!
The stinking cloud engulfs the centaur warrior but does no damage.
The centaur warrior shouts!
The centaur warrior is engulfed in noxious fumes.
The centaur warrior appears confused.
Unknown command.
Unknown command.
The centaur warrior is engulfed in noxious fumes.
The centaur warrior laughs crazily.
A skeletal warrior comes into view. It is wielding a +0 halberd.
The centaur warrior seems less confused.
The centaur warrior hits you. You block the centaur warrior's attack.
The centaur warrior misses you. The centaur warrior closely misses you.
The centaur warrior wields a +0 shortbow.
The centaur warrior shoots an arrow.
The arrow closely misses you.
The skeletal warrior hits you from afar with a +0 halberd.
The centaur warrior shoots an arrow.
The arrow hits you!
The centaur warrior shoots an arrow.
The arrow hits you!
The skeletal warrior hits you from afar with a +0 halberd!
* * * LOW HITPOINT WARNING * * *
The centaur warrior shoots an arrow.
The arrow hits you!
You die...

#...........###*#
#...........# #Q#
#...........# #Q#
#...........# #J#
#...........# #ยง#
#...........# #.#
##.###....z......###.#
...........c.........#
.......@......J......#
######################


You could see a skeletal warrior, a slime creature and a centaur warrior.

Vanquished Creatures
  An ogre mage (D:13)
  Harold (D:11)
  4 hydras
  Erica (D:11)
  4 centaur warriors
  A death knight (D:13)
  8 two-headed ogres
  A vampire mage (D:13)
  Sonja (D:11)
  2 necromancers (D:13)
  A cyclops (D:6)
  2 manticores (D:11)
  Joseph (D:8)
  2 gargoyles
  3 kobold demonologists
  A komodo dragon (D:11)
  2 unseen horrors (D:12)
  5 trolls
  A queen bee (D:12)
  2 hornets (D:9)
  4 slime creatures (D:12)
  A shadow (D:12)
  A wraith (D:13)
  34 yaks
  A basilisk (D:10)
  3 wyverns
  2 steam dragons
  2 wargs (D:6)
  3 water moccasins
  2 acid dragons
  6 orc warriors
  2 ice beasts
  3 sky beasts
  A black bear (D:5)
  13 ogres
  15 centaurs
  A phantom (D:4)
  Blork the orc (D:4)
  4 kobold brigands
  5 bullfrogs
  A wyvern zombie (D:7)
  4 scorpions
  3 gnoll sergeants
  A water moccasin zombie (D:5)
  A wyvern skeleton (D:7)
  21 killer bees
  8 wights
  14 howler monkeys
  An electric eel (D:7)
  A crimson imp (D:7)
  A human zombie (D:5)
  A bullfrog zombie (D:5)
  10 centaur zombies
  A centaur skeleton (D:7)
  10 hounds
  A jelly (D:4)
  A bullfrog skeleton (D:6)
  12 orc priests
  4 gnoll shamans (D:6)
  4 iguanas
  29 orc wizards
  3 killer bee zombies
  2 hound zombies (D:5)
  A hound skeleton (D:4)
  3 mummies (D:5)
  2 howler monkey zombies
  11 gnolls
  3 adders
  3 white imps (D:7)
  4 ufetubi
  8 worms
  An adder skeleton (D:4)
  2 dart slugs
  35 orcs
  8 ball pythons
  4 endoplasms
  A giant cockroach (D:2)
  8 goblins
  10 hobgoblins
  2 jackals (D:1)
  8 quokkas
  5 bats
  7 frilled lizards
  2 goblin skeletons (D:7)
  2 goblin zombies (D:7)
  A hobgoblin zombie (D:7)
  20 kobolds
  A kobold skeleton (D:7)
  A kobold zombie (D:7)
  An orc skeleton (D:7)
  2 orc zombies (D:7)
  10 rats
448 creatures vanquished.

Vanquished Creatures (collateral kills)
  A killer bee (D:4)
  An orc (D:4)
2 creatures vanquished.

Vanquished Creatures (others)
  1068 foxfires
  16 fungi (D:4)
  7 plants
1091 creatures vanquished.

Grand Total: 1541 creatures vanquished

Notes
Turn   | Place    | Note
-------+----------+-------------------------------------------
     0 | D:1      | pokeman the Deep Elf Hedge Wizard began the quest for the
                  | Orb.
     0 | D:1      | Reached XP level 1. HP: 10/10 MP: 7/7
   405 | D:1      | Reached XP level 2. HP: 15/15 MP: 6/9
   610 | D:1      | Found a faded altar of an unknown god.
  1054 | D:1      | Reached skill level 5 in Spellcasting
  1295 | D:1      | Reached XP level 3. HP: 20/20 MP: 8/11
  1299 | D:1      | Learned a level 3 spell: Mephitic Cloud
  1302 | D:1      | Learned a level 2 spell: Call Imp
  1305 | D:1      | Learned a level 2 spell: Blink
  1309 | D:1      | Learned a level 3 spell: Conjure Flame
  2020 | D:2      | Reached skill level 1 in Fighting
  2191 | D:2      | Reached skill level 1 in Armour
  2753 | D:2      | Reached XP level 4. HP: 25/25 MP: 9/13
  3303 | D:3      | Found Bablim's Weapon Emporium.
  3529 | D:3      | Noticed a bullfrog
  3536 | D:3      | Killed a bullfrog
  3537 | D:3      | Reached skill level 1 in Shields
  3537 | D:3      | Reached skill level 6 in Spellcasting
  3537 | D:3      | Reached XP level 5. HP: 29/29 MP: 8/15
  3808 | D:3      | Found Mopuod's Assorted Antiques.
  4101 | D:3      | Found Nekifar's Armour Shoppe.
  4114 | D:3      | Found a shimmering blue altar of Sif Muna.
  4154 | D:3      | Found Mavysteb's Magic Scroll Shop.
  4157 | D:3      | Bought a scroll of magic mapping for 35 gold pieces
  4157 | D:3      | Bought a scroll of identify for 20 gold pieces
  4736 | D:4      | Noticed a phantom
  4755 | D:4      | Reached XP level 6. HP: 34/34 MP: 4/17
  4915 | D:4      | Reached skill level 1 in Air Magic
  5091 | D:4      | Found a stormy altar of Qazlal.
  5146 | D:4      | Reached skill level 7 in Spellcasting
  5212 | D:4      | Reached skill level 1 in Fire Magic
  5212 | D:4      | Reached skill level 1 in Poison Magic
  5285 | D:4      | Noticed a sky beast
  5294 | D:4      | Killed a sky beast
  5295 | D:4      | Reached XP level 7. HP: 17/38 MP: 11/20
  5298 | D:4      | Reached skill level 8 in Spellcasting
  5660 | D:4      | Found a bloodstained altar of Trog.
  5842 | D:4      | Found a sparkling altar of Nemelex Xobeh.
  5957 | D:5      | Entered Level 5 of the Dungeon
  5957 | D:5      | Noticed Blork the orc
  5977 | D:4      | Killed Blork the orc
  6232 | D:5      | Reached XP level 8. HP: 44/44 MP: 18/22
  6317 | D:5      | Reached skill level 9 in Spellcasting
  7007 | D:5      | Reached skill level 5 in Conjurations
  7007 | D:5      | Reached skill level 1 in Evocations
  7349 | D:5      | Reached skill level 10 in Spellcasting
  7545 | D:5      | Found an ancient bone altar of Kikubaaqudgha.
  7612 | D:6      | Found a broken altar of Ashenzari.
  7824 | D:6      | Reached XP level 9. HP: 41/48 MP: 20/25
  7851 | D:6      | Identified the ring "Pegutefo" {rN+ Dex+9}
  7939 | D:6      | Found a staircase to the Ecumenical Temple.
  7947 | Temple   | Entered the Ecumenical Temple
  8061 | Temple   | Became a worshipper of Vehumet
  8256 | D:6      | Reached skill level 11 in Spellcasting
  8867 | D:6      | Reached * piety under Vehumet
  8867 | D:6      | Offered knowledge of Foxfire by Vehumet.
  8870 | D:6      | Learned a level 1 spell: Foxfire
  8949 | D:6      | Reached skill level 12 in Spellcasting
  9355 | D:6      | Reached XP level 10. HP: 53/53 MP: 24/28
  9398 | D:6      | Noticed a cyclops
  9410 | D:6      | Killed a cyclops
  9468 | D:6      | Offered knowledge of Scorch by Vehumet.
  9569 | D:6      | Reached ** piety under Vehumet
  9570 | D:6      | Reached skill level 5 in Fire Magic
  9764 | D:6      | Found an opulent altar of Gozag.
  9807 | D:6      | Reached skill level 13 in Spellcasting
 10107 | D:7      | Found a glowing golden altar of the Shining One.
 10781 | D:7      | Offered knowledge of Ignite Poison by Vehumet.
 11209 | D:7      | Reached *** piety under Vehumet
 11476 | D:8      | Found a sacrificial altar of Ru.
 11898 | D:8      | Noticed Joseph
 11913 | D:8      | Killed Joseph
 11914 | D:8      | Reached skill level 5 in Summonings
 12006 | D:8      | Reached skill level 14 in Spellcasting
 12109 | D:8      | Noticed a two-headed ogre
 12115 | D:8      | Offered knowledge of Frozen Ramparts by Vehumet.
 12142 | D:8      | Killed a two-headed ogre
 12467 | D:8      | Reached XP level 11. HP: 60/61 MP: 29/31
 12822 | D:9      | Found a glowing silver altar of Zin.
 12925 | D:9      | Found a burning altar of Makhleb.
 12925 | D:9      | Noticed a balrug
 12934 | D:9      | Found a hazy altar of Hepliaklqana.
 13268 | D:9      | Noticed a two-headed ogre
 13305 | D:9      | Reached skill level 15 in Spellcasting
 13336 | D:9      | Killed a two-headed ogre
 13336 | D:9      | Reached **** piety under Vehumet
 13353 | D:9      | Noticed a centaur warrior
 13365 | D:9      | Killed a centaur warrior
 13612 | D:9      | Offered knowledge of Iskenderun's Mystic Blast by Vehumet.
 14072 | D:9      | Found a staircase to the Orcish Mines.
 14130 | D:9      | Reached skill level 16 in Spellcasting
 14450 | D:9      | Found an iron altar of Okawaru.
 14642 | D:3      | Bought the +5 pair of boots of Light {Fly rN+} for 470 gold
                  | pieces
 14819 | D:10     | Entered Level 10 of the Dungeon
 14878 | D:10     | Found Omil's Book Shop.
 14888 | D:10     | Found Onuollor's Antique Armour Shoppe.
 15140 | D:10     | Reached XP level 12. HP: 66/66 MP: 28/34
 15209 | D:10     | Learned a level 6 spell: Starburst
 15330 | D:10     | Reached ***** piety under Vehumet
 15347 | D:10     | Offered knowledge of Irradiate by Vehumet.
 15460 | D:10     | Found a staircase to the Lair.
 15592 | D:10     | Reached skill level 10 in Conjurations
 16123 | D:11     | Noticed Erica
 16130 | D:11     | Reached skill level 17 in Spellcasting
 16132 | D:11     | Killed Erica
 16140 | D:11     | Noticed Harold
 16159 | D:11     | Killed Harold
 16370 | D:11     | Noticed Sonja
 16376 | D:11     | Killed Sonja
 16377 | D:11     | Reached skill level 5 in Fighting
 16760 | D:11     | Noticed a six-headed hydra
 16763 | D:11     | Killed a six-headed hydra
 16812 | D:11     | Noticed an eight-headed hydra
 16824 | D:11     | Killed an eight-headed hydra
 16907 | D:11     | Learned a level 3 spell: Swiftness
 17006 | D:12     | Learned a level 1 spell: Apportation
 17011 | D:12     | Noticed a seven-headed hydra
 17014 | D:12     | Killed a seven-headed hydra
 17089 | D:12     | Reached skill level 18 in Spellcasting
 17128 | D:12     | Noticed a four-headed hydra
 17133 | D:12     | Killed a four-headed hydra
 17807 | D:13     | Reached XP level 13. HP: 72/72 MP: 28/37
 18448 | D:13     | Offered knowledge of Fulminant Prism by Vehumet.
 18506 | D:13     | Learned a level 2 spell: Wereblood
 18627 | D:13     | Reached skill level 5 in Armour
 18675 | D:13     | Reached skill level 1 in Transmutations
 18818 | D:13     | Reached skill level 19 in Spellcasting
 18960 | D:13     | Found a gate to the Vaults.
 19071 | D:13     | You are sucked into a shaft and drop 2 floors!
 19071 | D:15     | Entered Level 15 of the Dungeon
 19104 | D:15     | Shot with an arrow by a centaur warrior

Illustrated notes

Levels and vault maps discovered:
D:1:      scummos_arrival_gate, layout_loops_ring,
          hellmonk_ecumenical_altar_heavens_door, st_stairs_3
D:2:      minmay_skewed_foursquare, layout_basic
D:3:      layout_loops_ring, general_overflow_altar, serial_shops, shop, shop,
          nicolae_shop_behind_doors, nicolae_shop_overgrown_old_shop
D:4:      layout_cave_pools, mainiacjoe_overflow_chevrons,
          nemelex_xobeh_ov_fountains_minmay, lightli_temple_of_fire
D:5:      layout_loops_ring, lemuel_mausoleum_altar_kikubaaqudgha, minivault_26,
          minmay_misc_feat_diagonals, uniq_blork_the_orc
D:6:      lemuel_castle_with_subvaults [lemuel_castle_interior_carwin_1],
          layout_basic, mainiacjoe_overflow_six_doors_small,
          ashenzari_conservatory_becter, minmay_temple_entry_glassed_door,
          serial_rivers, chequers_serial_rivers_micro_b,
          chequers_serial_rivers_room_b, chequers_serial_rivers_small_a,
          chequers_serial_rivers_small_b, st_stairs_5, minmay_misc_feat_roman
D:7:      layout_loops_ring, nicolae_tso_besieged_by_evil, lightli_minifort
D:8:      layout_basic, nicolae_ru_great_annihilating_truth, uniq_joseph
D:9:      nzn_winding_woodlands_small [nzn_winding_woodlands_5x15_split_checker,
          nzn_winding_woodlands_center_pierced_h,
          nzn_winding_woodlands_5x15_cabin], layout_grid_maze,
          kennysheep_okawaru_gauntlet, mainiacjoe_overflow_cross_hatched,
          makhleb_altar_promises_db, mainiacjoe_overflow_concentric_impassable
D:10:     layout_stronghold, minmay_lair_entry_grove, serial_shops, shop,
          kennysheep_mini_moat, roderic_roman_lattice
D:11:     layout_basic, chequers_jeans, uniq_sonja, uniq_harold, uniq_erica
D:12:     layout_long_grid, hive_lemuel
D:13:     layout_long_grid, david_vaults_1, nzn_life_drinkers
D:15:     hangedman_depths_entry_try_elsewhere_first, layout_long_grid,
          special_room [special_room_orc], nicolae_dithmenos_shadow_blocks
Temple:   nicolae_temple_figure_zero

Skill      XL: |  1  2  3  4  5  6  7  8  9 10 11 12 13 |
---------------+----------------------------------------+-----
Spellcasting   | 5 6 7 8 10 12 14 16 18 19 | 19.3
Fighting       | 1 2 4 5 |  5.0
Armour         | 1 2 3 4 5 |  5.6
Conjurations   | 2 3 4 5 7 8 9 11 | 11.6
Dodging        | 3 |  3.1
Shields        | 1 2 3 4 |  4.0
Stealth        | 3 |  3.0
Air Magic      | 1 |  1.0
Fire Magic     | 1 2 3 4 5 6 7 |  7.9
Poison Magic   | 1 |  1.3
Summonings     | 3 4 5 6 7 8 |  8.0
Evocations     | 1 |  1.1
Transmutations | 1 |  1.0
Translocations | |  1.1

Action                   |  1- 3 |  4- 6 |  7- 9 | 10-12 | 13-15 || total
-------------------------+-------+-------+-------+-------+-------++-------
Melee: Dagger            |     6 |    10 |       |       |       ||    16
       War axe           |       |       |    61 |     7 |     4 ||    72
       Whip              |       |       |       |   111 |       ||   111
Throw: Dart              |       |     9 |       |     2 |       ||    11
 Cast: Magic Dart        |   133 |   124 |   194 |    56 |       ||   507
       Mephitic Cloud    |     1 |    10 |    21 |    51 |     6 ||    89
       Conjure Flame     |     1 |     3 |    22 |    44 |       ||    70
       Call Imp          |       |     1 |     2 |     8 |     1 ||    12
       Blink             |       |       |     4 |     2 |       ||     6
       Foxfire           |       |       |    82 |   470 |    31 ||   583
       Starburst         |       |       |       |    59 |    30 ||    89
Evoke: Wand              |       |       |       |     9 |     1 ||    10
  Use: Scroll            |       |       |       |    12 |       ||    12
 Stab: Confused          |       |     1 |     3 |    15 |     1 ||    20
       Sleeping          |       |       |       |     2 |       ||     2
Armor: Leather armour    |     5 |    11 |    43 |     5 |       ||    64
       Steam dragon scal |       |       |       |    47 |       ||    47
       Acid dragon scale |       |       |       |    12 |     5 ||    17
Dodge: Dodged            |    20 |    36 |    79 |   176 |    12 ||   323
Block: Buckler           |       |       |       |    19 |     5 ||    24

Table legend: (Time is in decaauts)
 A = Elapsed time spent in this place.
 B = Non-inter-level travel time spent in this place.
 C = Inter-level travel time spent in this place.
 D = Time resting spent in this place.
 E = Time spent auto-exploring this place.
 F = Levels seen in this place.
 G = Mean time per level.
                   A        B        C        D        E       F      G
               +--------+--------+--------+--------+--------+-----+--------+
         Total |  19184 |  18085 |   1099 |   1799 |  12549 |  15 | 1278.9 |
       Dungeon |  19024 |  17937 |   1087 |   1799 |  12440 |  14 | 1358.9 |
        Temple |    159 |    147 |     12 |      0 |    109 |   1 |  159.0 |
               +--------+--------+--------+--------+--------+-----+--------+

Top non-repeatable levels by time:
     D:6: 2409 daAuts
     D:9: 1883 daAuts
     D:2: 1662 daAuts
     D:1: 1613 daAuts
     D:3: 1601 daAuts
     D:7: 1539 daAuts
     D:5: 1513 daAuts
     D:8: 1436 daAuts
     D:4: 1316 daAuts
    D:11: 1088 daAuts
    D:10: 1080 daAuts
    D:13: 949 daAuts
    D:12: 898 daAuts
  Temple: 159 daAuts
    D:15: 32 daAuts
